 Dungeon Crawl Stone Soup version 0.22-a0-161-g198051c (webtiles) character file.

2925 b5mith the Basher (level 10, -7/74 HPs)
             Began as a Human Berserker on Feb 10, 2018.
             Was a High Priest of Trog.
             Mangled by a hornet (13 damage)
             ... on level 8 of the Dungeon.
             The game lasted 00:51:19 (7795 turns).

b5mith the Basher (Human Berserker)                 Turns: 7795, Time: 00:51:19

Health: -7/74      AC: 13    Str: 24    XL:     10   Next: 7%
Magic:  10/10      EV: 13    Int:  8    God:    Trog [*****.]
Gold:   101        SH:  0    Dex: 14    Spells: 9/9 levels left

rFire    + + .     SeeInvis +   a - +0 spear
rCold    + . .     Gourm    .   (no shield)
rNeg     . . .     Faith    +   o - +1 ring mail
rPois    +         Spirit   .   w - +1 helmet
rElec    +         Reflect  .   m - +0 cloak
rCorr    +         Harm     .   v - +2 pair of gloves
MR       .....                  (no boots)
Stlth    ++........             d - amulet of faith
HPRegen  0.22/turn              L - ring of protection from fire
MPRegen  0.12/turn              H - ring of see invisible

@: mighty, lethally poisoned (-7 -> -12), resistant, slowed, very slow
A: no striking features
a: Berserk, Trog's Hand, Brothers in Arms, Burn Spellbooks, Renounce Religion


You were on level 8 of the Dungeon.
You worshipped Trog.
Trog was extremely pleased with you.
You were not hungry.

You visited 1 branch of the dungeon, and saw 9 of its levels.
You also visited: Ossuary.

You collected 289 gold pieces.
You spent 188 gold pieces at shops.

Inventory:

Hand Weapons
 a - a +0 spear (weapon)
 b - a +0 shortbow
 p - a +4 mace of protection
 N - a cursed -2 short sword
Missiles
 g - 22 poisoned needles
 q - 200 stones (quivered)
 A - 58 sling bullets
 F - 27 arrows
 P - a poisoned tomahawk
Armour
 m - a +0 cloak (worn)
 o - a +1 ring mail (worn)
 v - a +2 pair of gloves (worn)
 w - a +1 helmet (worn)
Jewellery
 d - an amulet of faith (around neck)
 H - a ring of see invisible (right hand)
 L - a ring of protection from fire (left hand)
Wands
 s - a wand of polymorph (16)
 y - a wand of clouds (2)
 B - a wand of iceblast (7)
 D - a wand of random effects (19)
 M - a wand of paralysis (22)
Scrolls
 e - 3 scrolls of magic mapping
 f - 2 scrolls of identify
 h - 3 scrolls of immolation
 k - a scroll of fog
 l - a scroll of blinking
 u - 3 scrolls of amnesia
 x - 4 scrolls of remove curse
 G - 2 scrolls of torment
 K - a scroll of silence
Potions
 j - 2 potions of lignification
 r - 4 potions of agility
 z - 2 potions of mutation
 C - a potion of berserk rage
 I - 2 potions of flight
Comestibles
 c - 4 rations


   Skills:
 + Level 5.2 Fighting
 * Level 9.1 Maces & Flails
 - Level 3.4 Polearms
 + Level 4.5 Throwing
 + Level 5.0 Armour
 + Level 4.3 Dodging
 + Level 3.0 Stealth
 + Level 0.3 Evocations


You had 9 spell levels left.
You didn't know any spells.

Dungeon Overview and Level Annotations

Branches:
Dungeon (9/15)             Temple (0/1) D:4
   Lair: D:8-11         Orc: D:9-12

Altars:
Ashenzari
Cheibriados
Nemelex Xobeh
Okawaru
Vehumet

Shops:
D:9 ?

Annotations:
D:4 Grinder


Message History

The hornet resists with some effort.
You feel sick. The hornet misses you. The hornet stings you!
* * * LOW HITPOINT WARNING * * *
You are more poisoned.
You feel as though you will be slow longer.
You feel sick. The hornet misses you. The hornet stings you.
* * * LOW HITPOINT WARNING * * *
You feel as though you will be slow longer.
* * * LOW HITPOINT WARNING * * *
You feel sick.
The hornet stings you but does no damage.
The hornet misses you.
You feel very mighty all of a sudden.
* * * LOW HITPOINT WARNING * * *
You feel sick.
The hornet stings you but does no damage. x2
You feel protected.
* * * LOW HITPOINT WARNING * * *
You feel sick. The hornet misses you. The hornet stings you!
You die...

.. .# .#
(# .# #
##.#.##..
#..(....(
#y##.##.#
#@# # #.#
.#
#.####..#
#.......#
##.....##
#.#####
#.# #.#
###.####


You could see a hornet.

Vanquished Creatures
  A troll (D:9)
  Prince Ribbit (D:5)
  2 hippogriffs
  3 yaks (D:9)
  2 black bears (D:6)
  An ice beast (D:8)
  A phantom (D:4)
  An ogre (D:9)
  A centaur (D:9)
  A big kobold (D:7)
  2 elf zombies (Ossuary)
  A bullfrog (D:9)
  3 scorpions
  2 crimson imps
  A centaur zombie (Ossuary)
  A hound (D:5)
  A gnoll shaman (D:6)
  A bullfrog skeleton (D:9)
  A centaur skeleton (D:6)
  A human zombie (Ossuary)
  An orc wizard (D:9)
  3 iguanas
  Ijyb (D:5)
  A worker ant (D:7)
  A big kobold zombie (Ossuary)
  A hound zombie (D:8)
  2 hound skeletons
  2 mummies (Ossuary)
  A worker ant zombie (D:6)
  4 gnolls (D:6)
  5 river rats (D:5)
  5 adders
  4 oozes
  An adder skeleton (D:6)
  An adder zombie (Ossuary)
  5 worms
  4 leopard geckos
  9 orcs
  5 bats
  4 giant cockroaches
  5 goblins
  3 hobgoblins
  3 jackals (D:6)
  8 kobolds
  3 quokkas
  2 ball pythons (D:3)
  3 frilled lizards
  A goblin zombie (Ossuary)
  11 hobgoblin zombies (Ossuary)
  2 jackal zombies (Ossuary)
  10 kobold zombies (Ossuary)
  A leopard gecko skeleton (D:5)
  5 orc zombies (Ossuary)
  10 rats
  2 rat zombies (Ossuary)
157 creatures vanquished.

Vanquished Creatures (others)
  An orc warrior (D:9)
  A centaur zombie (D:9)
  An orc priest (D:9)
  An orc (D:9)
4 creatures vanquished.

Grand Total: 161 creatures vanquished

Notes
Turn   | Place    | Note
-------+----------+-------------------------------------------
     0 | D:1      | b5mith the Human Berserker began the quest for the Orb.
     0 | D:1      | Reached XP level 1. HP: 18/18 MP: 1/1
    82 | D:1      | Reached XP level 2. HP: 6/24 MP: 2/2
   558 | D:1      | Reached XP level 3. HP: 29/29 MP: 3/3
   581 | D:1      | Reached ** piety under Trog
   830 | D:2      | HP: 1/29 [goblin/dagger (4)]
  1497 | D:2      | Found an iron altar of Okawaru.
  1678 | D:3      | Reached XP level 4. HP: 34/35 MP: 4/4
  1844 | D:3      | Reached skill level 1 in Stealth
  1991 | D:3      | Reached skill level 1 in Maces & Flails
  2247 | D:4      | Reached skill level 1 in Throwing
  2247 | D:4      | Reached XP level 5. HP: 21/42 MP: 5/5
  2514 | D:4      | Reached skill level 2 in Maces & Flails
  2536 | D:4      | Noticed Grinder
  2563 | D:4      | Paralysed by Grinder for 3 turns
  2686 | D:4      | Paralysed by Grinder for 4 turns
  2698 | D:4      | Paralysed by Grinder for 3 turns
  2715 | D:4      | Paralysed by Grinder for 6 turns
  2720 | D:4      | HP: 1/42 [Grinder/nerve-wracking pain (6)]
  3042 | D:4      | Noticed a phantom
  3093 | D:4      | Killed a phantom
  3093 | D:4      | Reached XP level 6. HP: 31/48 MP: 6/6
  3200 | D:4      | Found a staircase to the Ecumenical Temple.
  3453 | D:4      | Found a snail-covered altar of Cheibriados.
  3477 | D:5      | Entered Level 5 of the Dungeon
  3481 | D:5      | Reached skill level 3 in Maces & Flails
  3666 | D:5      | Noticed Ijyb
  3685 | D:5      | Killed Ijyb
  3749 | D:5      | Noticed Prince Ribbit
  3764 | D:5      | Reached XP level 7. HP: 51/53 MP: 7/7
  3976 | D:5      | Killed Prince Ribbit
  3976 | D:5      | Reached skill level 4 in Maces & Flails
  4091 | D:5      | Found a sand-covered staircase.
  4107 | Ossuary  | Entered an ossuary
  4137 | Ossuary  | Reached *** piety under Trog
  4236 | Ossuary  | Received a gift from Trog
  4443 | Ossuary  | Reached skill level 5 in Maces & Flails
  4454 | Ossuary  | Reached XP level 8. HP: 30/60 MP: 8/8
  4943 | D:5      | Reached **** piety under Trog
  5250 | D:6      | Reached skill level 6 in Maces & Flails
  5724 | D:6      | Reached skill level 7 in Maces & Flails
  6125 | D:7      | Reached XP level 9. HP: 61/66 MP: 9/9
  6190 | D:7      | Noticed a hippogriff
  6205 | D:7      | Killed a hippogriff
  6276 | D:7      | Found a shattered altar of Ashenzari.
  6338 | D:7      | You fall through a shaft for 2 floors!
  6346 | D:9      | Noticed a troll
  6367 | D:9      | Killed a troll
  6367 | D:9      | Reached skill level 8 in Maces & Flails
  6610 | D:9      | Found a sparkling altar of Nemelex Xobeh.
  6612 | D:9      | Noticed a two-headed ogre
  6740 | D:9      | HP: 3/67 [orc wizard/dagger of electrocution (11)]
  6741 | D:9      | Paralysed by an orc wizard for 3 turns
  6742 | D:9      | HP: 1/67 [orc wizard/magic dart (3)]
  6754 | D:9      | Found a radiant altar of Vehumet.
  6895 | D:9      | Noticed a hippogriff
  6919 | D:9      | Killed a hippogriff
  7059 | D:9      | Paralysed by an orc wizard for 5 turns
  7160 | D:9      | Reached skill level 5 in Fighting
  7177 | D:9      | Found Naulin's Magic Scroll Shop.
  7180 | D:9      | Bought a scroll of remove curse for 39 gold pieces
  7180 | D:9      | Bought a scroll of identify for 26 gold pieces
  7180 | D:9      | Bought a scroll of torment for 97 gold pieces
  7180 | D:9      | Bought a scroll of identify for 26 gold pieces
  7269 | D:9      | Reached ***** piety under Trog
  7278 | D:9      | Reached skill level 9 in Maces & Flails
  7278 | D:9      | Reached skill level 5 in Armour
  7278 | D:9      | Reached XP level 10. HP: 37/74 MP: 10/10
  7303 | D:8      | HP: 3/74 [yak (8)]
  7789 | D:8      | Paralysed by a hornet for 2 turns
  7795 | D:8      | Mangled by a hornet

Vault maps used:
D:1:      minmay_arrival_three_doors, feat_on_display
D:2:      nrook_mini_vaults, okawaru_trees_1
D:3:      nicolae_overflow_hidden_temple
D:4:      kennysheep_mini, minmay_temple_entry_trees, first_ration, uniq_grinder
D:5:      chequers_ossuary_entry_cave, lightli_sewer_entry_pipes,
          uniq_prince_ribbit1, uniq_ijyb
D:6:      minmay_crystal_water
D:7:      evilmike_ruin_ashenzari, kennysheep_vampire_church
D:8:      overflow_temple_1_default, serial_shops, nicolae_shop_crystal,
          uniq_maurice
D:9:      fiery_altar_vehumet, basic_altar, serial_shops, shop
Ossuary:  ossuary_tomb_1

Skill      XL: |  1  2  3  4  5  6  7  8  9 10 |
---------------+-------------------------------+-----
Stealth        | 1 2 3 |  3.0
Maces & Flails | 1 2 3 5 7 9 |  9.1
Throwing       | 1 2 3 4 |  4.5
Armour         | 3 4 5 |  5.0
Dodging        | 3 4 |  4.3
Fighting       | 4 5 |  5.2
Polearms       | |  3.4
Evocations     | |  0.3

Action                   |  1- 3 |  4- 6 |  7- 9 | 10-12 || total
-------------------------+-------+-------+-------+-------++-------
Melee: Spear             |    80 |       |       |    34 ||   114
       Mace              |    23 |   125 |   453 |    12 ||   613
Throw: Stone             |    19 |    77 |   161 |     9 ||   266
       Tomahawk          |       |       |    49 |       ||    49
Evoke: Wand              |       |       |     4 |     4 ||     8
  Use: Scroll            |     3 |    10 |    15 |     3 ||    31
       Potion            |     1 |     1 |     8 |     5 ||    15
 Stab: Sleeping          |     3 |       |       |       ||     3
       Paralysed         |       |       |     5 |    11 ||    16
  Eat: Ration            |     1 |     2 |     4 |       ||     7
Armor: Animal skin       |    15 |       |       |       ||    15
       Ring mail         |       |    56 |   270 |    18 ||   344
Dodge: Dodged            |    50 |    68 |   294 |    32 ||   444

Table legend:
 A = Spawn XP
 B = Non-spawn XP
 C = Spawn XP percentage of total XP
 D = Spawn monster count
 E = Non-spawn monster count
 F = Spawn count percentage of total count
 G = Total turns spent on level
                    A         B        C        D         E        F      G
               +---------+---------+-------+---------+---------+-------+---------
         Total |       0 |    4179 |   0.0 |       0 |     158 |   0.0 |  7795
               +---------+---------+-------+---------+---------+-------+---------
           D:1 |       0 |      35 |   0.0 |       0 |      18 |   0.0 |   761
           D:2 |       0 |      29 |   0.0 |       0 |      11 |   0.0 |   826
           D:3 |       0 |      32 |   0.0 |       0 |      11 |   0.0 |   630
           D:4 |       0 |     245 |   0.0 |       0 |       8 |   0.0 |  1260
           D:5 |       0 |     627 |   0.0 |       0 |      21 |   0.0 |   870
           D:6 |       0 |     602 |   0.0 |       0 |      24 |   0.0 |  1031
           D:7 |       0 |     455 |   0.0 |       0 |      11 |   0.0 |   257
           D:8 |       0 |     153 |   0.0 |       0 |       2 |   0.0 |   495
           D:9 |       0 |    1629 |   0.0 |       0 |      13 |   0.0 |   962
       Ossuary |       0 |     372 |   0.0 |       0 |      39 |   0.0 |   703
               +---------+---------+-------+---------+---------+-------+---------
